 Dungeon Crawl Stone Soup version 0.31-a0-1370-gf52a5a9ab3 (webtiles) character file.

Game seed: 4974151892222505170

2016 Lobster4 the Trooper (level 9, -9/79 HPs)
             Began as a Hill Orc Fighter on Dec 23, 2023.
             Was a Follower of Nemelex Xobeh.
             Mangled by an orc warrior
             ... wielding a +0 broad axe
              (12 damage)
             ... in a bailey.
             The game lasted 00:12:31 (5357 turns).

Lobster4 the Trooper (Hill Orc Fighter)             Turns: 5357, Time: 00:12:32

Health: -9/79      AC: 15    Str: 19    XL:     9   Next: 22%
Magic:  12/12      EV:  6    Int: 12    God:    Nemelex Xobeh [*.....]
Gold:   355        SH: 10    Dex: 10    Spells: 8/8 levels left

rFire   . . .        a - +0 war axe
rCold   . . .        c - +0 buckler
rNeg    . . .        y - +0 plate armour
rPois   .            u - +2 helmet
rElec   .            x - +1 cloak
rCorr   +            (no gloves)
SInv    .            F - +0 pair of boots {Fly}
Will    .....        l - amulet of reflection Stlth
                     z - ring of resist corrosion
HPRegen 0.33/turn    A - ring of flight
MPRegen 0.13/turn

%: reflection
@: mighty, corroded, flying, slowed, very slow
A: no striking features
a: Renounce Religion, Draw Escape, Draw Destruction, Draw Summoning


You were in a bailey.
You worshipped Nemelex Xobeh.
Nemelex Xobeh was aware of your devotion.
You visited 2 branches of the dungeon, and saw 8 of its levels.
You also visited: Bailey.

You collected 355 gold pieces.

Inventory:

Hand Weapons
 a - a +0 war axe (weapon)
 q - a +0 sling
 t - a +2 short sword of speed
 L - the +4 battleaxe "Asiuckech" {freeze, ^Fragile rElec rF+ SInv}
   (You found it on level 6 of the Dungeon)

   rF+:       It protects you from fire.
   rElec:     It insulates you from electricity.
   SInv:      It lets you see invisible.
   ^Fragile:  It will be destroyed if unequipped.
Missiles
 n - 7 javelins
 K - 9 curare-tipped darts
 M - 8 boomerangs
 N - 5 poisoned darts
 P - 4 datura-tipped darts
Armour
 b - a +0 scale mail
 c - a +0 buckler (worn)
 f - a +2 ring mail of positive energy
 h - a +0 ring mail
 u - a +2 helmet (worn)
 x - a +1 cloak (worn)
 y - a +0 plate armour (worn)
 F - a +0 pair of boots of flying (worn)
Magical Staves
 D - a staff of death
Jewellery
 l - an amulet of reflection (around neck)
 z - a ring of resist corrosion (left hand)
 A - a ring of flight (right hand)
Scrolls
 e - 3 scrolls of teleportation
 j - a scroll of revelation
 o - 2 scrolls of fog {unknown}
 s - 2 scrolls of enchant weapon {unknown}
 w - 2 scrolls of immolation {unknown}
 B - a scroll of fear {unknown}
 E - a scroll of enchant armour {unknown}
 H - a scroll of blinking {unknown}
 I - a scroll of poison {unknown}
 J - a scroll of butterflies {unknown}
 O - a scroll of identify
Potions
 d - a potion of might
 g - 3 potions of curing
 i - a potion of lignification
 k - a potion of haste
 m - 3 potions of cancellation {unknown}
 p - a potion of invisibility
 r - 2 potions of berserk rage {unknown}
 v - a potion of enlightenment
 C - a potion of brilliance


   Skills:
 + Level 7.0 Fighting
 + Level 6.9 Axes
 + Level 1.0 Throwing
 + Level 6.1 Armour
 + Level 3.3 Dodging
 - Level 6.0 Shields
 + Level 4.7 Invocations
 - Level 3.0 Evocations


You had 8 spell levels left.
You didn't know any spells.
Your spell library contained the following spells:

 Spells                   Type           Power      Damage    Failure   Level
 Apportation              Tloc           0%         N/A       100%        1
 Freeze                   Ice            0%         1d3       100%        1
 Slow                     Hex            0%         N/A       100%        1
 Jinxbite                 Hex            0%         N/A       100%        2
 Lesser Beckoning         Tloc           0%         N/A       100%        2
 Confusing Touch          Hex            0%         N/A       100%        3
 Frozen Ramparts          Ice            0%         1d1       100%        3
 Gell's Gravitas          Tloc           0%         N/A       100%        3
 Hailstorm                Conj/Ice       0%         3d5       100%        3
 Sigil of Binding         Hex            0%         N/A       100%        3
 Teleport Other           Tloc           0%         N/A       100%        3
 Vampiric Draining        Necr           0%         2d6       100%        3
 Anguish                  Hex/Necr       0%         N/A       100%        4
 Cause Fear               Hex            0%         N/A       100%        4
 Leda's Liquefaction      Alch/Erth      0%         N/A       100%        4
 Petrify                  Alch/Erth      0%         N/A       100%        4
 Summon Ice Beast         Ice/Summ       0%         N/A       100%        4
 Agony                    Necr           0%         N/A       100%        5
 Alistair's Intoxication  Alch           0%         N/A       100%        5
 Metabolic Englaciation   Hex/Ice        0%         N/A       100%        5
 Plasma Beam              Fire/Air       0%         2x1d10    100%        6
 Simulacrum               Ice/Necr       0%         N/A       100%        6
 Enfeeble                 Hex            0%         N/A       100%        7
 Haunt                    Necr/Summ      0%         N/A       100%        7


Dungeon Overview and Level Annotations

Branches:
Dungeon (7/15)             Temple (1/1) D:4          Bailey (1/1)

Altars:
Ashenzari
Cheibriados
Dithmenos
Fedhas
Gozag
Hepliaklqana
Kikubaaqudgha
Makhleb
Nemelex Xobeh
Okawaru
Qazlal
Ru
Trog
Uskayaw
Vehumet
Wu Jian
Yredelemnul
Zin
The Shining One

Shops:
D:1 (


Message History

Your hell hound dies!
Your hell hound's corpse disappears in a puff of smoke!
The rust devil hits you.
You closely miss the kobold brigand.
The kobold brigand is moderately wounded.
You slash the rust devil! You block the rust devil's attack.
The kobold brigand hits you with a +0 war axe.
The orc warrior cheers loudly.
You feel very mighty all of a sudden. The rust devil hits you.
The rust devil corrodes you! You block the kobold brigand's attack.
The orc warrior zaps a wand.
The roots erupt in riotous growth!
The kobold brigand is unaffected.
The grasping roots grab you!
The rust devil is unaffected.
The orc warrior is unaffected.
The grasping roots constrict you. You block the kobold brigand's attack.
The rust devil hits you.
You hit the kobold brigand.
The kobold brigand is heavily wounded.
You closely miss the rust devil. You hit the orc warrior.
You hit the orc knight. The grasping roots constrict you.
The rust devil hits you.
The orc knight hits you but does no damage.
The orc warrior hits you with a +0 broad axe!
* * * LOW HITPOINT WARNING * * *
The grasping roots release their grip on you.
You feel much better.
The orc warrior no longer looks unusually strong.
You block the rust devil's attack.
The orc knight hits you with a +0 war axe!
* * * LOW HITPOINT WARNING * * *
You block the kobold brigand's attack.
The orc warrior hits you with a +0 broad axe!!
* * * LOW HITPOINT WARNING * * *
The kobold brigand hits you but does no damage.
The rust devil barely misses you.
The orc knight roars a battlecry!
The orc warrior goes into a battle-frenzy!
The orc warrior hits you with a +0 broad axe!
You die...
Your body disappears without a glow.

.............
K...........
........... .K......
...... ...# ###'###
##K....## #@4o8...#
#oo....∩# ##.....##
####'''####
##~.......~##
#####~~.......~~#####
#....~~.......~~....#
#.###~~...)...~~###.#
#....~~.......~~....#


You could see an orc knight, a rust devil (summoned), 2 orc warriors and a
kobold brigand.

Vanquished Creatures
  A steam dragon (D:6)
  A water moccasin (D:6)
  An orc warrior (Bailey)
  A sky beast (D:7)
  2 ice beasts (D:6)
  3 ogres
  2 phantoms
  3 kobold brigands (Bailey)
  Blork the orc (D:5)
  A bullfrog (D:7)
  2 scorpions (D:5)
  A howler monkey (D:5)
  An orc priest (D:7)
  3 hounds
  3 sleepcaps
  Jessica (D:3)
  3 iguanas
  3 orc wizards
  Robin (D:3)
  4 adders
  A white imp (D:6)
  2 worms
  3 dart slugs
  10 orcs
  9 endoplasms
  3 giant cockroaches
  10 goblins
  5 hobgoblins
  5 jackals
  5 quokkas
  5 ball pythons
  3 bats
  2 frilled lizards
  10 kobolds
  9 rats
120 creatures vanquished.

Notes
Turn   | Place    | Note
-------+----------+-------------------------------------------
     0 | D:1      | Lobster4 the Hill Orc Fighter began the quest for the Orb.
     0 | D:1      | Reached XP level 1. HP: 19/19 MP: 1/1
    51 | D:1      | Found Sotapotu's Antique Weapon Shoppe.
   271 | D:1      | Reached XP level 2. HP: 23/27 MP: 2/2
   540 | D:1      | Found a faded altar of an unknown god.
   822 | D:2      | Reached skill level 4 in Fighting
   946 | D:2      | Reached XP level 3. HP: 29/33 MP: 3/3
  1423 | D:3      | Noticed Robin
  1425 | D:3      | Killed Robin
  1433 | D:3      | Reached XP level 4. HP: 34/40 MP: 4/4
  1575 | D:3      | Found a blossoming altar of Fedhas.
  1799 | D:3      | Noticed Jessica
  1808 | D:3      | Killed Jessica
  1809 | D:3      | Reached skill level 1 in Throwing
  1926 | D:3      | Reached XP level 5. HP: 47/47 MP: 5/5
  2463 | D:4      | Reached skill level 1 in Dodging
  2599 | D:4      | Noticed a phantom
  2718 | D:4      | Reached XP level 6. HP: 55/55 MP: 6/6
  2734 | D:4      | Reached skill level 5 in Fighting
  2961 | D:4      | Found a staircase to the Ecumenical Temple.
  2989 | Temple   | Entered the Ecumenical Temple
  2995 | Temple   | Became a worshipper of Nemelex Xobeh the Trickster
  3123 | D:5      | Entered Level 5 of the Dungeon
  3230 | D:5      | Found an iron altar of Okawaru.
  3287 | D:5      | Noticed Blork the orc
  3300 | D:5      | Killed Blork the orc
  3301 | D:5      | Reached skill level 1 in Invocations
  3301 | D:5      | Reached XP level 7. HP: 46/61 MP: 7/7
  3419 | D:5      | Reached skill level 5 in Axes
  3419 | D:5      | Reached skill level 1 in Evocations
  3561 | D:5      | Reached skill level 5 in Armour
  3561 | D:5      | Reached skill level 5 in Shields
  3660 | D:5      | Reached XP level 8. HP: 70/70 MP: 9/9
  3662 | D:5      | Found a burning altar of Makhleb.
  3887 | D:6      | Reached * piety under Nemelex Xobeh
  4003 | D:6      | Reached skill level 6 in Fighting
  4038 | D:6      | Identified the +4 battleaxe "Asiuckech" {freeze, ^Fragile
                  | rElec rF+ SInv}
  5030 | D:7      | Found a flagged portal.
  5063 | D:7      | Reached XP level 9. HP: 73/78 MP: 12/12
  5066 | Bailey   | Entered a bailey
  5114 | Bailey   | Reached skill level 7 in Fighting
  5214 | Bailey   | Received a gift from Nemelex Xobeh
  5283 | Bailey   | Got the Grimoire of Posthumous Haze
  5340 | Bailey   | Noticed an orc knight
  5349 | Bailey   | Noticed a rust devil
  5357 | Bailey   | HP: 3/79 [orc warrior/+0 broad axe (18)]
  5357 | Bailey   | Mangled by an orc warrior

Illustrated notes

Levels and vault maps discovered:
D:1:      minmay_arrival_radiant_lines, layout_loops_cross, serial_shops, shop,
          ebering_ecumenical_altar_rust, nicolae_eternal_life
D:2:      layout_loops_ring
D:3:      layout_basic, marbit_many_paths, kennysheep_jessica_study, uniq_robin
D:4:      layout_rooms, minmay_temple_entry_arrows
D:5:      layout_loops_ring, okawaru_metal_pillars_3,
          lemuel_coloured_pillars_altar, uniq_blork_the_orc
D:6:      layout_loops_ring
D:7:      layout_basic, enter_bailey_2, minmay_misc_feat_iff
Temple:   eino_temple_rhombus
Bailey:   bailey_axe_3, bailey

Skill      XL: |  1  2  3  4  5  6  7  8  9 |
---------------+----------------------------+-----
Axes           | 3 4 5 6 |  6.9
Fighting       | 4 5 6 7 |  7.0
Throwing       | 1 |  1.0
Armour         | 4 5 6 |  6.1
Shields        | 4 5 6 |  6.0
Dodging        | 1 2 3 |  3.3
Invocations    | 1 2 4 |  4.7
Evocations     | 1 3 |  3.0

Action                     |  1- 3 |  4- 6 |  7- 9 || total
---------------------------+-------+-------+-------++-------
  Melee: War axe           |    94 |   136 |   175 ||   405
  Throw: Javelin           |       |       |     7 ||     7
         Dart              |       |       |     3 ||     3
 Invoke: Draw Destruction  |       |       |     2 ||     2
         Draw Summoning    |       |       |     1 ||     1
    Use: Potion            |       |     1 |     3 ||     4
         Scroll            |       |       |    11 ||    11
 Armour: Scale mail        |    67 |    32 |       ||    99
         Plate armour      |       |    86 |   187 ||   273
  Dodge: Dodged            |    47 |    36 |    39 ||   122
  Block: Buckler           |    19 |    24 |    76 ||   119
         Reflection        |       |       |     2 ||     2

Table legend: (Time is in decaauts)
 A = Elapsed time spent in this place.
 B = Non-inter-level travel time spent in this place.
 C = Inter-level travel time spent in this place.
 D = Time resting spent in this place.
 E = Time spent auto-exploring this place.
 F = Levels seen in this place.
 G = Mean time per level.
                   A        B        C        D        E       F      G
               +--------+--------+--------+--------+--------+-----+--------+
         Total |   5491 |   5194 |    297 |    204 |   3742 |   9 |  610.1 |
       Dungeon |   5173 |   4886 |    287 |    100 |   3728 |   7 |  739.0 |
        Temple |     12 |      2 |     10 |      0 |      0 |   1 |   12.0 |
        Bailey |    305 |    305 |      0 |    104 |     14 |   1 |  305.0 |
               +--------+--------+--------+--------+--------+-----+--------+

Top non-repeatable levels by time:
     D:6: 1111 daAuts
     D:3: 1075 daAuts
     D:5: 781 daAuts
     D:4: 742 daAuts
     D:1: 721 daAuts
     D:2: 648 daAuts
  Bailey: 305 daAuts
     D:7: 93 daAuts
  Temple: 12 daAuts
